 Dungeon Crawl Stone Soup version 0.18.1-2-ga659475 (webtiles) character file.

472 shmeve the Skirmisher (level 6, -6/85 HPs)
             Began as a Draconian Berserker on May 8, 2016.
             Was a Priest of Trog.
             Mangled by an ogre
             ... wielding a cursed -1 giant club
              (27 damage)
             ... on level 4 of the Dungeon.
             The game lasted 00:04:53 (2700 turns).

shmeve the Skirmisher (Draconian Berserker)         Turns: 2700, Time: 00:04:53

Health: -6/85      AC:  8    Str: 27    XL:     6   Next: 83%
Magic:  6/6        EV: 13    Int:  7    God:    Trog [***...]
Gold:   178        SH:  0    Dex: 10    Spells: 0 memorised, 5 levels left

rFire  . . .     SeeInvis .     m - +0 war axe
rCold  . . .     Gourm    .     (armour unavailable)
rNeg   . . .     Faith    .     (no shield)
rPois  +         Spirit   .     (helmet restricted)
rElec  .         Dismiss  .     p - +0 cloak
rCorr  .         Reflect  .     t - +0 pair of gloves
SustAt .         Harm     .     (no boots)
MR     .....                    e - amulet of regeneration
Stlth  ..........               k - ring of poison resistance
                                (no ring)

@: berserking, very quick, not resistant to hostile enchantments, extremely
unstealthy
A: unfitting armour, cold-blooded, AC +6
a: Berserk, Trog's Hand, Burn Spellbooks, Renounce Religion


You were on level 4 of the Dungeon.
You worshipped Trog.
Trog was most pleased with you.
You were hungry.

You visited 1 branch of the dungeon, and saw 4 of its levels.

You collected 178 gold pieces.

Inventory:

Hand Weapons
 m - a +0 war axe (weapon)
Armour
 p - a +0 cloak (worn)
 t - a +0 pair of gloves (worn)
Jewellery
 e - an amulet of regeneration (around neck)
 k - a ring of poison resistance (right hand)
Scrolls
 c - 4 scrolls of identify {unknown}
 d - 2 scrolls of magic mapping {unknown}
 g - 2 scrolls of noise {unknown}
 j - 4 scrolls of remove curse {unknown}
 l - a scroll of fog {unknown}
 n - a scroll of recharging {unknown}
 o - a scroll of teleportation {unknown}
Potions
 f - a potion of lignification {unknown}
 h - a potion of cure mutation {unknown}
 i - a potion of haste {unknown}
 q - a potion of ambrosia {unknown}
 r - a potion of curing {unknown}
Comestibles
 a - a meat ration
 b - 2 bread rations
 s - 3 chunks of flesh
 u - a beef jerky


   Skills:
 * Level 5.6 Fighting
 * Level 4.8 Axes
 * Level 4.1 Dodging
 + Level 2.2 Stealth


You had 5 spell levels left.
You didn't know any spells.

Dungeon Overview and Level Annotations

Branches:
Dungeon (4/15)
 Temple: D:4-7

Altars:
Kikubaaqudgha
Nemelex Xobeh
Pakellas
Sif Muna
Vehumet

Annotations:
D:4 Pikel


Innate Abilities, Weirdness & Mutations

Your plain brown scales are hard (AC +6).
Your body does not fit into most forms of armour.
You are cold-blooded and may be slowed by cold attacks.


Message History

You closely miss the slave. You barely miss the slave.
The slave is almost dead.
The slave hits you but does no damage.
Pikel hits you with a whip of electrocution.
You are electrocuted!
* * * LOW HITPOINT WARNING * * *
The slave hits you.
* * * LOW HITPOINT WARNING * * *
You hit the ogre. You tail-slap the ogre.
The ogre is almost dead.
You miss the slave.
The slave is almost dead.
You hit Pikel but do no damage.
Pikel is heavily wounded.
You slash the slave!
You kill the slave!
That felt strangely unrewarding.
You barely miss the slave. You hit the slave.
The slave is moderately wounded.
The ogre hits you with a giant club!!
You die...

##... #..................
.....
#+#..................
#....+_+.............#....
#....#'#.............#....
#....................#....
.#####.....####.....##....
....#.....### #..........
.........pp..# #..........
.........@[..# #..........
........OpK..# #..........
.........Z...# ###........
.............# #........
............... #........
................ #........
.........................
........................
...........


You could see Pikel, an ogre, 3 slaves and a quokka skeleton.

Vanquished Creatures
  A slave (D:4)
  A phantom (D:4)
  Blork the orc (D:4)
  A scorpion (D:4)
  A hound (D:4)
  A giant frog skeleton (D:4)
  An orc wizard (D:3)
  2 worker ants (D:4)
  5 adders
  2 oozes (D:2)
  A worm (D:2)
  A giant gecko (D:2)
  4 orcs (D:3)
  A giant cockroach (D:4)
  7 goblins
  7 hobgoblins
  11 jackals
  7 kobolds
  8 bats
  7 giant newts
  6 rats
76 creatures vanquished.

Notes
Turn   | Place    | Note
--------------------------------------------------------------
     0 | D:1      | shmeve the Draconian Berserker began the quest for the Orb.
     0 | D:1      | Reached XP level 1. HP: 19/19 MP: 1/1
   203 | D:1      | Reached XP level 2. HP: 26/26 MP: 2/2
   552 | D:1      | Reached skill level 4 in Fighting
   652 | D:1      | Reached ** piety under Trog
   879 | D:2      | Reached XP level 3. HP: 21/33 MP: 3/3
  1120 | D:2      | Reached skill level 1 in Stealth
  1637 | D:3      | Reached XP level 4. HP: 33/41 MP: 4/4
  2031 | D:3      | Reached *** piety under Trog
  2049 | D:3      | Reached XP level 5. HP: 45/47 MP: 5/5
  2412 | D:4      | Noticed a phantom
  2417 | D:4      | Reached skill level 5 in Fighting
  2432 | D:4      | Killed a phantom
  2432 | D:4      | Reached XP level 6. HP: 31/56 MP: 6/6
  2502 | D:4      | Noticed Blork the orc
  2510 | D:4      | Killed Blork the orc
  2621 | D:4      | Found an oddly glowing altar of Pakellas.
  2641 | D:4      | Found a radiant altar of Vehumet.
  2649 | D:4      | Found an ancient bone altar of Kikubaaqudgha.
  2650 | D:4      | Found a deep blue altar of Sif Muna.
  2686 | D:4      | Found a sparkling altar of Nemelex Xobeh.
  2687 | D:4      | Noticed a slave
  2688 | D:4      | Noticed a slave
  2688 | D:4      | Noticed a slave
  2689 | D:4      | Noticed Pikel
  2689 | D:4      | Noticed a slave
  2700 | D:4      | Killed a slave
  2700 | D:4      | Mangled by an ogre

Skill      XL: |  1  2  3  4  5  6 |
---------------+-------------------+-----
Fighting       | 4 5 |  5.6
Dodging        | 3 4 |  4.1
Stealth        | 1 2 |  2.2
Axes           | 4 |  4.8

Action                   |  1- 3 |  4- 6 || total
-------------------------+-------+-------++-------
Melee: Hand axe          |   112 |       ||   112
       Tailslap          |    17 |    11 ||    28
       War axe           |    30 |   106 ||   136
Invok: Berserk           |       |     2 ||     2
       Burn Spellbooks   |       |     1 ||     1
 Stab: Sleeping          |     3 |     1 ||     4
  Eat: Chunk             |     2 |     5 ||     7
Armor: Skin              |    72 |    43 ||   115
Dodge: Dodged            |   126 |    87 ||   213
